 Seeded DCSS version 0.30-a0-377-g5cb311bc9f (webtiles) character file.

Game seed: 18324224134492014874 (custom seed)

37 innerfire433 the Sneak (level 3, -3/29 HPs)
             Began as a Demonspawn Delver on Nov 27, 2022.
             Slain by an ufetubus (4 damage)
             ... on level 5 of the Dungeon.
             The game lasted 00:00:34 (221 turns).

innerfire433 the Sneak (Demonspawn Delver)           Turns: 221, Time: 00:00:34

Health: -3/29      AC:  3    Str: 14    XL:     3   Next: 21%
Magic:  3/3        EV: 12    Int: 11    God:
Gold:   0          SH:  0    Dex: 14    Spells: 2/2 levels left

rFire   . . .      SeeInvis .    a - +0 falchion
rCold   . . .      Faith    .    (no shield)
rNeg    . . .      Spirit   .    b - +0 leather armour
rPois   .          Reflect  .    (no helmet)
rElec   .          Harm     .    (no cloak)
rCorr   .          Rampage  .    (no gloves)
Will    .....                    (no boots)
Stlth   +++.......               (no amulet)
HPRegen 0.24/turn                (no ring)
MPRegen 0.08/turn                (no ring)

@: no status effects
A: claws 1
a: no special abilities


You were on level 5 of the Dungeon.
You visited 1 branch of the dungeon, and saw 1 of its levels.

Inventory:

Hand Weapons
 a - a +0 falchion (weapon)
Armour
 b - a +0 leather armour (worn)
Wands
 g - a wand of digging (3)
Scrolls
 c - a scroll of fog
 d - a scroll of magic mapping
 e - a scroll of fear
Potions
 f - a potion of haste


   Skills:
 + Level 3.3 Fighting
 + Level 2.2 Long Blades
 + Level 2.2 Dodging
 - Level 4.8 Stealth


You had 2 spell levels left.
You didn't know any spells.
Your spell library was empty.

Dungeon Overview and Level Annotations

Branches:
Dungeon (5/15)
 Temple: D:4-7

Altars:


Innate Abilities, Weirdness & Mutations

You have sharp fingernails.


Message History

You hear the slow rusting of a drain very nearby.
You hear the slow rusting of a drain very nearby.
You hear the rusting of a drain very nearby.
You open the door.
A hound and an ufetubus come into view.
Found a dark potion.
The ufetubus hits you. x2; The ufetubus closely misses you.
The ufetubus barely misses you.
You barely miss the ufetubus.
The ufetubus hits you but does no damage.
The ufetubus closely misses you. The ufetubus hits you.
The ufetubus misses you.
You miss the ufetubus. The ufetubus completely misses you.
The ufetubus hits you but does no damage.
You hit the ufetubus.
The ufetubus is severely wounded.
The ufetubus hits you. x3; The ufetubus closely misses you.
You completely miss the ufetubus.
The ufetubus is severely wounded.
The ufetubus hits you. x2
The ufetubus hits you but does no damage. x2
You completely miss the ufetubus.
The ufetubus is severely wounded.
The ufetubus barely misses you. The ufetubus hits you. x2
* * * LOW HITPOINT WARNING * * *
The ufetubus closely misses you.
You barely miss the ufetubus.
The ufetubus is severely wounded.
The ufetubus hits you but does no damage.
The ufetubus hits you.
* * * LOW HITPOINT WARNING * * *
The ufetubus hits you.
* * * LOW HITPOINT WARNING * * *
The ufetubus closely misses you.
You completely miss the ufetubus.
The ufetubus is severely wounded.
The ufetubus hits you.
* * * LOW HITPOINT WARNING * * *
The ufetubus hits you.
You die...

#..........#
#..........##+#
#...........#.# .
#.........#...# ..
#.........##..## ..!
#.........##...# h...
#.........#....# .....
#.........#....###
......##@#########.......
......'5.# ##....##
......#### #...... .....
####... .... #... ...
#... .. #### .


You could see an ufetubus.

Vanquished Creatures
  A jelly (D:5)
  A white imp (D:5)
2 creatures vanquished.

Notes
Turn   | Place    | Note
-------+----------+-------------------------------------------
     0 | D:5      | innerfire433 the Demonspawn Delver began the quest for the
                  | Orb.
     0 | D:5      | Reached XP level 1. HP: 18/18 MP: 1/1
    11 | D:5      | Noticed a jelly
    21 | D:5      | Killed a jelly
    22 | D:5      | Gained mutation: You have sharp fingernails. [demonic
                  | ancestry]
    22 | D:5      | Reached XP level 2. HP: 15/24 MP: 2/2
    22 | D:5      | Reached XP level 3. HP: 18/29 MP: 3/3
   221 | D:5      | HP: 1/29 [ufetubus (3)]
   221 | D:5      | Slain by an ufetubus

Illustrated notes

Levels and vault maps discovered:
D:5:      layout_basic, gup_sewer_entry_bubbles, sigmund_army

Skill      XL: |  1 |
---------------+----+-----
Long Blades    | 2 |  2.2
Dodging        | 2 |  2.2
Fighting       | |  3.3
Stealth        | |  4.8

Action                   || total
-------------------------++-------
Melee: Falchion          ||    27
Armor: Leather armour    ||     7
Dodge: Dodged            ||    22

Table legend: (Time is in decaauts)
 A = Elapsed time spent in this place.
 B = Non-inter-level travel time spent in this place.
 C = Inter-level travel time spent in this place.
 D = Time resting spent in this place.
 E = Time spent auto-exploring this place.
 F = Levels seen in this place.
 G = Mean time per level.
                   A        B        C        D        E       F      G
               +--------+--------+--------+--------+--------+-----+--------+
         Total |    226 |    226 |      0 |      0 |    182 |   1 |  226.0 |
       Dungeon |    226 |    226 |      0 |      0 |    182 |   1 |  226.0 |
               +--------+--------+--------+--------+--------+-----+--------+

Top non-repeatable levels by time:
     D:5: 226 daAuts
